 Dungeon Crawl Stone Soup version 0.24.0-125-gc4c63601f3 (webtiles) character file.

Game seed: 6929071070487323653, levelgen mode: deterministic

14 Lemonice the Caller (level 2, 0/20 HPs)
             Began as a Barachi Summoner on Feb 21, 2020.
             Slain by a jackal (1 damage)
             ... on level 1 of the Dungeon.
             The game lasted 00:02:19 (646 turns).

Lemonice the Caller (Barachi Summoner)               Turns: 646, Time: 00:02:19

Health: 0/20       AC:  2    Str:  9    XL:     2   Next: 45%
Magic:  0/5        EV: 12    Int: 15    God:
Gold:   0          SH:  0    Dex: 12    Spells: 5/6 levels left

rFire    . . .     SeeInvis .   e - +0 dagger
rCold    . . .     Gourm    .   (no shield)
rNeg     . . .     Faith    .   a - +0 robe
rPois    .         Spirit   .   (no helmet)
rElec    .         Reflect  .   (no cloak)
rCorr    .         Harm     .   (no gloves)
MR       .....                  (no boots)
Stlth    ++........             (no amulet)
HPRegen  0.06/turn              (no ring)
MPRegen  0.09/turn              (no ring)

@: can't hop, slow
A: +LOS, swims, slowness 1, strong legs 1
a: Hop


You were on level 1 of the Dungeon.
You were not hungry.

You visited 1 branch of the dungeon, and saw 1 of its levels.

Inventory:

Hand Weapons
 e - a +0 dagger (weapon)
Missiles
 d - 3 stones (quivered)
Armour
 a - a +0 robe (worn)
 b - a cursed +0 leather armour
Comestibles
 c - a ration


   Skills:
 + Level 0.9 Fighting
 + Level 2.4 Dodging
 - Level 1.7 Stealth
 + Level 2.5 Spellcasting
 + Level 5.1 Summonings


You had 5 spell levels left.
You knew the following spells:

 Your Spells              Type           Power        Failure   Level  Hunger
a - Summon Small Mammal   Summ           ###.         2%          1    #......

Your spell library contained the following spells:

 Spells                   Type           Power        Failure   Level  Hunger
 Call Imp                 Summ           ###.....     4%          2    ###....
 Call Canine Familiar     Summ           ###.....     8%          3    ###....
 Summon Guardian Golem    Hex/Summ       #.......     22%         3    ###....
 Summon Ice Beast         Ice/Summ       #.......     58%         4    #####..
 Summon Lightning Spire   Summ/Air       #.......     58%         4    #####..


Dungeon Overview and Level Annotations

Branches:
Dungeon (1/15)

Altars:


Innate Abilities, Weirdness & Mutations

Shadows flee at your approach. (+LOS)
You can swim through water.
You cover ground slowly.
You can hop short distances.


Message History

Your bat barely misses the jackal.
The jackal misses you.
Casting: Summon Small Mammal (safe; 2% risk of failure)
Confirm with . or Enter, or press ? or * to list all spells.
Your bat misses the jackal.
Your bat hits the jackal but does no damage.
The jackal bites you.
* * * LOW HITPOINT WARNING * * *
You hit the jackal.
The jackal is heavily wounded.
Your bat closely misses the jackal.
The jackal barely misses you.
Your bat hits the jackal. The jackal closely misses you.
Your rat closely misses the jackal.
You hit the jackal.
The jackal is almost dead.
Your bat misses the jackal. The jackal closely misses you.
Your rat barely misses the jackal.
You miss the jackal.
The jackal is almost dead.
The jackal bites you.
You die...

#..##.##.....#..#....#.#
....##.##.....#.......#.#
#.#.##.##.....#..#....#.#
###.##.##.....#.#.....#.########
..##.##.....#......rr.........
#(....####.####.#####.##
..##..##..............# ...
#..##.#.#.##.####..#
........##@#....#.#.# ....
...[.##h###.##.#......#
.......rhh.b....#.#...[#
#####.##b###h####.#....# #
#.#...)..#(#....#
#.#r#.##.#......#
#.#h#....#......#
#.#h######......#
#.#...bh.h......#


You could see 3 jackals, a friendly bat and a friendly rat.

Vanquished Creatures
  A dart slug (D:1)
  A frilled lizard (D:1)
  3 kobolds (D:1)
5 creatures vanquished.

Vanquished Creatures (collateral kills)
  3 goblins (D:1)
  2 hobgoblins (D:1)
  2 jackals (D:1)
  A kobold (D:1)
  A rat (D:1)
9 creatures vanquished.

Grand Total: 14 creatures vanquished

Notes
Turn   | Place    | Note
-------+----------+-------------------------------------------
     0 | D:1      | Lemonice the Barachi Summoner began the quest for the Orb.
     0 | D:1      | Reached XP level 1. HP: 13/13 MP: 3/3
   267 | D:1      | Reached skill level 5 in Summonings
   268 | D:1      | Reached XP level 2. HP: 12/20 MP: 3/5
   643 | D:1      | HP: 1/20 [jackal (2)]
   646 | D:1      | Slain by a jackal

Levels and vault maps discovered:
D:1:      minmay_arrival_wavy_path, layout_basic, minmay_pentomino_u2

Skill      XL: |  1 |
---------------+----+-----
Summonings     | 5 |  5.1
Fighting       | |  0.9
Dodging        | |  2.4
Stealth        | |  1.7
Spellcasting   | |  2.5

Action                   || total
-------------------------++-------
Melee: Dagger            ||    38
       Unarmed           ||     3
 Cast: Summon Small Mamm ||    15
 Abil: Hop               ||     1
  Use: Potion            ||     1
Armor: Robe              ||    13
Dodge: Dodged            ||    40
